Map: Acid Plant LE

Players

GOStephano (Stephano) - Winner!

  • Race: Zerg Zerg
  • Spawn Location: 11:00

Epic

  • Race: Terran Terran
  • Spawn Location: 5:00

Event: WCS Austin 2018

VOD

Have the link to the VOD?

Description

Time

  • Played on: June 1, 2018, 4:22 p.m.
  • Length: 13:22

All games in this series

Show
View Real Time Build Order
Export as new Build Order

GOStephano Zerg - Winner!

Build Orders: Pool First 

Get SALT Encoding   

  12  0:00  Drone  
  13  0:13  Overlord  
  13  0:18  Drone  
  14  0:31  Drone x2  
  16  0:41  Spawning Pool  
  15  0:45  Drone  
  15  0:48  Drone  
  17  1:09  Hatchery  
  16  1:12  Drone  
  17  1:27  Extractor  
  17  1:28  Zergling x2  
  17  1:29  Zergling x4  
  17  1:32  Queen  
  21  1:45  Overlord  
  21  1:51  Drone  
  22  2:04  Drone  
  22  2:08  Queen  
  23  2:14  Drone  
  26  2:22  Drone  
  27  2:23  Drone  
  28  2:37  Drone x2  
  30  2:40  Drone  
  30  2:43  Metabolic Boost  
  30  2:55  Drone x3  
  32  2:58  Queen  
  32  2:59  Hatchery  
  32  3:04  Drone x2  
  34  3:08  Overlord  
  34  3:12  Drone  
  35  3:20  Drone  
  35  3:23  Overlord  
  36  3:28  Queen  
  36  3:29  Drone x3  
  36  3:31  Drone  
  42  3:38  Zergling x4  
  44  3:44  Drone, Queen  
  49  3:55  Zergling x4  
  49  3:56  Zergling x2  
  49  3:57  Overlord  
  49  4:02  Drone x2  
  52  4:08  Overlord  
  52  4:09  Overlord  
  52  4:21  Drone x5  
  57  4:26  Overlord, Queen  
  57  4:29  Queen  
  57  4:30  Drone x3  
  64  4:38  Drone x2  
  64  4:42  Drone x2  
  64  4:43  Evolution Chamber x2  
  67  4:52  Spore Crawler, Drone  
  67  4:53  Drone x2  
  67  4:55  Drone x3  
  71  5:02  Drone  
  71  5:03  Overlord x2  
  71  5:07  Queen  
  71  5:09  Zergling x10  
  71  5:10  Drone  
  79  5:14  Extractor  
  79  5:15  Extractor  
  79  5:16  Overlord  
  77  5:22  Overlord  
  77  5:23  Zergling x4  
  77  5:28  Drone x3  
  82  5:30  Zerg Ground Armor Level 1, Zerg Melee Weapons Level 1  
  82  5:35  Drone x3  
  85  5:37  Zergling x2  
  85  5:38  Zergling x10  
  91  5:45  Zergling x2  
  91  5:46  Zergling x4  
  90  6:05  Zergling x18  
  90  6:09  Lair  
  99  6:17  Zergling x6  
  100  6:26  Hatchery  
  100  6:29  Baneling Nest  
  100  6:30  Drone x2  
  100  6:31  Hatchery, Drone  
  98  6:35  Zergling x8  
  102  6:42  Drone x2  
  102  6:45  Drone, Queen  
  107  6:47  Drone x2  
  107  6:49  Drone x2  
  107  6:53  Drone  
  112  6:58  Zergling x2  
  112  6:59  Zergling x2  
  112  7:00  Overlord x4  
  112  7:01  Overlord  
  114  7:19  Zergling x2  
  114  7:20  Zergling x14  
  122  7:30  Zerg Ground Armor Level 2, Zerg Melee Weapons Level 2  
  122  7:37  Zergling x20  
  120  7:51  Overlord x3  
  120  7:52  Overlord  
  120  7:55  Infestation Pit  
  119  8:00  Zergling x2  
  119  8:01  Zergling x6  
  119  8:05  Zergling x20  
  130  8:12  Extractor  
  132  8:13  Extractor  
  132  8:14  Extractor  
  129  8:21  Drone x7  
  132  8:32  Drone  
  123  8:34  Hive  
  123  8:35  Hydralisk Den  
  123  8:36  Zergling x8  
  123  8:37  Zergling x8  
  123  8:40  Drone  
  123  8:41  Drone x5  
  117  8:51  Hatchery  
  117  8:53  Zergling x6  
  108  9:01  Zergling x20  
  113  9:02  Centrifical Hooks  
  113  9:06  Extractor x2  
  113  9:08  Hatchery  
  113  9:09  Muscular Augments  
  109  9:13  Hydralisk x3  
  109  9:14  Hydralisk x6  
  120  9:19  Zergling x6  
  123  9:30  Overlord x2  
  123  9:35  Hydralisk  
  123  9:36  Hydralisk x2  
  123  9:37  Zergling x10  
  123  9:38  Baneling, Zergling x8  
  138  9:39  Baneling x2  
  138  9:41  Zergling x2  
  138  9:42  Zergling x2  
  140  9:48  Zerg Missile Weapons Level 1  
  140  9:52  Zerg Ground Armor Level 3  
  140  10:04  Drone x4  
  140  10:06  Baneling x4  
  144  10:20  Grooved Spines  
  144  10:22  Hydralisk  
  144  10:23  Hydralisk x7  
  160  10:33  Zergling x28  
  166  10:49  Hydralisk x4  
  167  10:53  Zergling x20  
  174  11:05  Drone x5  
  179  11:16  Baneling x7  
  179  11:17  Zergling x28  
  182  11:31  Zergling x22  
  189  11:44  Zergling x28  
  179  12:00  Zergling x4  
  170  12:11  Zergling x26  
  170  12:12  Zergling x8  
  180  12:33  Hatchery  
  174  12:38  Zergling x22  
  174  12:39  Zergling x16  
  193  12:55  Baneling x11  
  191  13:02  Hatchery, Zergling x18  
  191  13:03  Zergling x12  
Show
View Real Time Build Order
Export as new Build Order

Epic Terran 

Build Orders: Reaper Expand, MMM Bio 

Get SALT Encoding   

  12  0:01  SCV  
  13  0:13  SCV  
  14  0:17  Supply Depot  
  14  0:25  SCV  
  15  0:38  SCV  
  15  0:39  Barracks  
  16  0:44  Refinery  
  16  0:50  SCV  
  17  1:03  SCV  
  18  1:15  SCV  
  19  1:27  Orbital Command, Reaper  
  20  1:40  Command Center  
  20  1:50  Barracks  
  20  1:54  SCV  
  20  1:58  Marine  
  22  2:08  Factory  
  22  2:09  SCV  
  23  2:17  Supply Depot  
  23  2:20  Barracks Reactor  
  23  2:26  Refinery  
  23  2:34  SCV  
  22  2:46  SCV  
  23  2:58  SCV  
  23  3:04  Hellion  
  23  3:05  Hellion  
  27  3:06  Barracks Tech Lab  
  27  3:10  Barracks Reactor, SCV  
  28  3:15  Orbital Command  
  28  3:22  SCV  
  28  3:26  Hellion  
  31  3:31  Stimpack  
  31  3:34  Hellion  
  31  3:38  SCV  
  31  3:40  SCV  
  35  3:43  Marine  
  35  3:47  Marine  
  35  3:48  Marine  
  38  3:51  SCV  
  38  3:52  SCV  
  40  4:01  Starport  
  40  4:04  SCV  
  40  4:05  SCV  
  40  4:08  Supply Depot  
  40  4:09  Marine  
  42  4:10  Marine  
  42  4:11  Marine  
  45  4:23  SCV  
  46  4:30  Hellion x2, SCV  
  46  4:31  Supply Depot, Marine x2  
  53  4:32  Marine  
  54  4:44  Armory  
  54  4:50  SCV x2  
  56  4:54  Marine x3  
  56  4:56  Medivac x2  
  56  4:59  Supply Depot  
  63  5:02  SCV  
  63  5:03  SCV  
  65  5:12  Marine x2  
  65  5:13  Marine  
  68  5:15  SCV x2  
  69  5:21  Supply Depot  
  69  5:31  Marine x2  
  69  5:32  Marine  
  69  5:33  SCV x2  
  74  5:42  Combat Shields  
  73  5:45  SCV x2  
  75  5:51  Liberator  
  75  5:56  Command Center  
  73  5:57  Marine x3  
  73  5:58  Hellion x3  
  71  6:06  SCV x2  
  71  6:10  Medivac  
  75  6:17  Engineering Bay  
  75  6:20  SCV  
  75  6:21  Engineering Bay, SCV  
  75  6:24  Marine x2  
  75  6:25  Marine  
  80  6:30  Supply Depot  
  80  6:35  SCV x2  
  80  6:37  Factory Reactor  
  82  6:43  Barracks  
  82  6:47  Terran Infantry Weapons Level 1, SCV x2  
  84  6:48  Refinery x2, Terran Infantry Armor Level 1  
  84  6:50  Marine x2  
  86  6:59  SCV x2  
  88  7:03  Supply Depot  
  87  7:11  Orbital Command, SCV x2  
  87  7:13  Marine  
  87  7:14  Marine x2  
  92  7:20  Barracks  
  92  7:21  Barracks  
  92  7:22  Factory Tech Lab  
  92  7:23  SCV x2  
  93  7:31  Marine  
  93  7:32  Marine  
  93  7:35  SCV x2  
  98  7:37  Orbital Command  
  98  7:40  Armory  
  82  7:52  SCV x2  
  82  7:53  Marine x4  
  82  7:54  Siege Tank  
  82  7:55  Armory  
  87  8:01  Medivac  
  87  8:02  Medivac  
  87  8:03  SCV  
  87  8:04  SCV x2  
  94  8:09  Barracks Reactor  
  94  8:10  Marine  
  94  8:11  Marine x2  
  97  8:14  Barracks Reactor  
  97  8:15  SCV  
  98  8:21  Marine x2  
  92  8:28  Marine x2  
  81  8:34  Marine  
  81  8:35  Siege Tank  
  81  8:37  Medivac x2  
  81  8:38  Marine  
  81  8:39  Marine  
  91  8:47  Marine x4  
  90  8:52  Marine  
  90  8:54  Marine x2  
  80  8:56  Marine x2  
  80  9:00  SCV x3  
  80  9:03  Terran Infantry Weapons Level 2  
  80  9:05  Marine, Terran Infantry Armor Level 2  
  81  9:13  Marine x3  
  81  9:14  Marine  
  81  9:16  Supply Depot  
  81  9:17  Supply Depot, SCV x3  
  85  9:22  Supply Depot  
  85  9:23  Supply Depot  
  88  9:27  Marine x3  
  88  9:29  SCV x2  
  93  9:38  Marine x6, SCV, Siege Tank  
  103  9:42  Supply Depot  
  103  9:45  Supply Depot  
  103  9:46  SCV x2  
  103  9:49  Medivac  
  103  9:50  Medivac, SCV  
  110  9:53  Refinery, Marine  
  110  9:54  Marine x2  
  110  9:58  Terran Vehicle Weapons Level 1  
  113  10:00  Marine  
  113  10:01  Refinery, Marine x3  
  113  10:03  Marine x2  
  119  10:11  Marine  
  119  10:13  Marine, Siege Tank  
  124  10:14  Marine  
  124  10:18  Marine x3  
  124  10:19  Marine, SCV  
  124  10:20  SCV x2, Factory  
  132  10:21  Marine x2  
  132  10:27  Medivac  
  136  10:28  Medivac  
  136  10:29  Marine  
  136  10:31  Marine  
  138  10:39  Marine x3  
  138  10:40  Marine  
  138  10:41  Marine  
  138  10:42  Marine  
  140  10:44  Marauder, Supply Depot  
  140  10:46  Supply Depot  
  128  10:56  Marine x2  
  127  10:57  Marine, Siege Tank  
  127  10:58  Command Center  
  127  11:03  Medivac x2  
  135  11:04  Factory Tech Lab  
  135  11:05  Marine x2  
  135  11:06  Marine  
  135  11:09  Marine x2  
  140  11:17  Marine x2  
  140  11:18  Marauder, Marine  
  145  11:23  Marine x2  
  131  11:29  Siege Tank x2  
  132  11:36  Marine x3  
  132  11:37  Marine  
  132  11:38  Marine x2  
  132  11:39  Marine  
  139  11:40  Marine  
  139  11:41  Marine  
  139  11:46  Medivac x2  
  142  11:52  Orbital Command  
  131  11:54  Marine x2  
  131  12:00  Marine x3  
  131  12:01  Marauder, Marine x3  
  132  12:12  Marine  
  128  12:16  Marine  
  128  12:17  Siege Tank x2  
  128  12:18  Marine x2  
  137  12:24  Medivac x2  
  139  12:30  Marauder, Marine x4  
  139  12:37  Marine x4  
  145  12:41  Supply Depot  
  149  12:44  Supply Depot  
  149  12:51  Marine x3  
  149  12:52  Marauder  
  156  13:01  Marine  
  156  13:03  Marine x2  
Tags
 
Add a new tag
Caveats
  • Supply blocks, unpowered buildings, or Contaminate may cause inaccurate times.
  • Supply counts are checked every 10 seconds.